 Dungeon Crawl Stone Soup version 0.30-a0-996-ga6910c8ee8 (webtiles) character file.

Game seed: 5377266959103210979

84 jimonade the Magician (level 4, -6/31 HPs)
             Began as a Djinni Fire Elementalist on Apr 4, 2023.
             Killed from afar by an orc wizard (8 damage)
             ... with a magic dart
             ... on level 3 of the Dungeon.
             The game lasted 00:03:35 (2370 turns).

jimonade the Magician (Djinni Fire Elementalist)    Turns: 2370, Time: 00:03:35

Health: -6/31      AC:  5    Str:  9    XL:     4   Next: 74%
Gold:   148        EV: 10    Int: 17    God:
                   SH:  3    Dex: 13

rFire   + . .      SeeInvis .    a - +1 short sword (venom)
rCold   . . .      Faith    .    p - +0 buckler
rNeg    . . .      Spirit   .    g - +0 ring mail
rPois   ∞          Reflect  .    (no helmet)
rElec   .          Rampage  .    (no cloak)
rCorr   .                        (no gloves)
Will    .....                    (boots unavailable)
Stlth   +                        (no amulet)
HPRegen 0.25/turn                l - ring of ice
MPRegen 0.00/turn                (no ring)

@: flying
A: sickness immunity, fire resistance 2, cold vulnerability 1, float, innate
caster, HP casting, extra vitality 1
a: no special abilities


You were on level 3 of the Dungeon.
You visited 1 branch of the dungeon, and saw 3 of its levels.

You collected 148 gold pieces.

Inventory:

Hand Weapons
 a - a +1 short sword of venom (weapon)
 e - a +0 whip
 f - a +0 short sword
 j - a +0 rapier
 q - a +0 falchion of holy wrath
 t - a +0 sling
Missiles
 n - 7 poisoned darts
Armour
 d - a +0 robe
 g - a +0 ring mail (worn)
 p - a +0 buckler (worn)
Jewellery
 l - a ring of ice (left hand)
Scrolls
 b - 4 scrolls of identify {unknown}
 k - a scroll of noise {unknown}
 m - a scroll of enchant armour {unknown}
 r - a scroll of immolation {unknown}
 s - a scroll of poison {unknown}
Potions
 c - a potion of heal wounds {unknown}
 h - 3 potions of berserk rage {unknown}
 i - a potion of might {unknown}
 o - a potion of lignification {unknown}


   Skills:
 + Level 0.7 Fighting
 + Level 0.4 Armour
 + Level 2.3 Dodging
 - Level 1.5 Stealth
 + Level 0.1 Shields
 + Level 3.7 Spellcasting


You knew the following spells:

 Your Spells              Type           Power      Damage    Failure   Level
a - Foxfire               Conj/Fire      64%        2x1d7     13%         1
b - Scorch                Fire           32%        2d6       21%         2
c - Kindle Blastsparks    Fire/Tloc/Air  32%        2d12      36%         3
d - Inner Flame           Hex/Fire       16%        N/A       36%         3
e - Flame Wave            Conj/Fire      16%        2d7       78%         4
f - Shock                 Conj/Air       64%        1d7       13%         1
Your spell library was empty.

Dungeon Overview and Level Annotations

Branches:
Dungeon (3/15)

Altars:

Shops:
D:1 :


Innate Abilities, Weirdness & Mutations

You are immune to sickness and miasma.
You are immune to poison.
Your flesh is very heat resistant. (rF++)
You are vulnerable to cold. (rC-)
You float through the air rather than walking.
You learn spells naturally, not from books.
Your magical power is your life essence.
You have superior vitality. (+4 MHP)


Message History

You are confused.
You bump into the rock wall.
The orc throws a stone.
The stone hits you but does no damage.
You hear some strange, mumbled words.
A magic dart appears from out of thin air!
The magic dart hits you.
You bump into the rock wall.
The orc throws a stone.
The stone hits you but does no damage. Something hits you.
* * * LOW HITPOINT WARNING * * *
You closely miss something. Something hits you but does no damage.
Something hits you but does no damage.
The orc throws a stone.
The stone hits you.
* * * LOW HITPOINT WARNING * * *
You completely miss something.
The orc throws a stone.
The stone hits you but does no damage.
You hear some strange, mumbled words.
A magic dart appears from out of thin air!
The magic dart hits you.
* * * LOW HITPOINT WARNING * * *
You hit something. Something hits you.
* * * LOW HITPOINT WARNING * * *
You bump into the rock wall.
You feel less confused. The orc closely misses you.
Something hits you but does no damage.
You hit the orc.
The orc is poisoned.
The orc is moderately wounded.
The orc hits you with a +0 flail.
* * * LOW HITPOINT WARNING * * *
Something hits you but does no damage.
You barely miss the orc.
The orc is moderately wounded.
The orc hits you but does no damage. Something hits you but does no damage.
A worm comes into view.
You barely miss the orc.
The orc is heavily wounded.
The orc hits you but does no damage.
You hear some strange, mumbled words.
A magic dart appears from out of thin air!
The magic dart hits you!
You die...

o...... .>w.. ... #.#
### #.# #.# #.# #.# ####
#.# #.### ..... #o#
#...## ..... ###@#
#########..# ......
#.{.# #....# ##.. <.....
#.### #....## ###
......#####.## ###...#
#.....÷÷...#### #...####
###..÷#.##....# #......#
###.#.#####.# #.##.#.##
#.....# #.### #.##.#..##
##....###...###.##......


You could see a worm (wandering) and an orc (very poisoned).

Vanquished Creatures
  2 adders
  5 orcs (D:3)
  4 endoplasms
  3 giant cockroaches
  7 hobgoblins
  10 jackals
  7 ball pythons
  3 bats (D:1)
  3 goblins
  7 kobolds
  2 rats (D:1)
53 creatures vanquished.

Vanquished Creatures (others)
  62 foxfires (D:1)
62 creatures vanquished.

Grand Total: 115 creatures vanquished

Notes
Turn   | Place    | Note
-------+----------+-------------------------------------------
     0 | D:1      | jimonade the Djinni Fire Elementalist began the quest for
                  | the Orb.
     0 | D:1      | jimonade set off with the following spells memorised:
                  | Foxfire, Scorch, Kindle Blastsparks, Inner Flame, Flame
                  | Wave.
     0 | D:1      | Reached XP level 1. HP: 15/15 MP: 0/0
   136 | D:1      | Reached XP level 2. HP: 12/21 MP: 0/0
   273 | D:1      | Reached skill level 3 in Spellcasting
   458 | D:1      | Reached XP level 3. HP: 20/25 MP: 0/0
   458 | D:1      | Learned a level 1 spell: Shock
   852 | D:1      | Found Nunuan's Book Shop.
  1514 | D:2      | Reached XP level 4. HP: 31/31 MP: 0/0
  2370 | D:3      | Killed from afar by an orc wizard

Illustrated notes

Levels and vault maps discovered:
D:1:      minmay_arrival_jagged, layout_basic, serial_shops, shop
D:2:      layout_basic
D:3:      layout_rooms, serial_shops, nicolae_lakefront_shop

Skill      XL: |  1  2 |
---------------+-------+-----
Spellcasting   | 3 |  3.7
Fighting       | |  0.7
Armour         | |  0.4
Dodging        | |  2.3
Stealth        | |  1.5
Shields        | |  0.1

Action                     |  1- 3 |  4- 6 || total
---------------------------+-------+-------++-------
  Melee: Short sword       |    35 |    68 ||   103
   Cast: Foxfire           |    45 |       ||    45
         Scorch            |     4 |       ||     4
   Stab: Sleeping          |     1 |       ||     1
 Armour: Robe              |     7 |       ||     7
         Ring mail         |    11 |    29 ||    40
  Dodge: Dodged            |    42 |    31 ||    73
  Block: Buckler           |       |    10 ||    10

Table legend: (Time is in decaauts)
 A = Elapsed time spent in this place.
 B = Non-inter-level travel time spent in this place.
 C = Inter-level travel time spent in this place.
 D = Time resting spent in this place.
 E = Time spent auto-exploring this place.
 F = Levels seen in this place.
 G = Mean time per level.
                   A        B        C        D        E       F      G
               +--------+--------+--------+--------+--------+-----+--------+
         Total |   2370 |   2313 |     57 |    161 |   1651 |   3 |  790.0 |
       Dungeon |   2370 |   2313 |     57 |    161 |   1651 |   3 |  790.0 |
               +--------+--------+--------+--------+--------+-----+--------+

Top non-repeatable levels by time:
     D:1: 1049 daAuts
     D:2: 739 daAuts
     D:3: 582 daAuts
